Map: Ley Lines

Players

Lambo

  • Race: Zerg Zerg
  • Spawn Location: 1:00

A.I. 1 (Very Easy) - Winner!

  • Race: Zerg Zerg
  • Spawn Location: 7:00

VOD

Have the link to the VOD?

Description

Time

  • Played on: Aug. 15, 2025, 9:01 a.m.
  • Length: 7:42
Show
View Real Time Build Order
Export as new Build Order

Lambo Zerg 

Build Orders: Hatch First 

Get SALT Encoding   

  12  0:00  Drone  
  13  0:07  Drone  
  14  0:15  Extractor, Drone  
  15  0:22  Overlord  
  15  0:40  Drone  
  16  0:44  Hatchery  
  16  0:48  Drone  
  16  0:52  Drone  
  16  0:55  Drone  
  18  1:07  Extractor  
  18  1:10  Spawning Pool  
  16  1:14  Drone  
  16  1:17  Drone  
  18  1:26  Drone  
  19  1:37  Drone  
  20  1:47  Drone  
  21  1:57  Queen x2  
  21  1:58  Zergling x2  
  21  2:00  Overlord  
  26  2:07  Drone  
  27  2:09  Drone  
  27  2:11  Metabolic Boost  
  28  2:18  Drone  
  28  2:22  Zergling x2  
  30  2:28  Drone  
  31  2:30  Drone  
  32  2:38  Hatchery  
  32  2:39  Drone  
  32  2:45  Baneling Nest  
  32  2:48  Overlord  
  31  2:52  Drone  
  31  2:54  Drone  
  33  3:01  Drone  
  33  3:03  Zergling x2  
  35  3:06  Drone x3  
  35  3:08  Zergling x2  
  35  3:09  Drone  
  35  3:10  Zergling x2  
  41  3:14  Overlord  
  41  3:22  Queen  
  43  3:27  Drone  
  43  3:28  Baneling  
  43  3:33  Roach Warren  
  45  3:34  Drone x2  
  45  3:36  Drone  
  45  3:38  Drone  
  45  3:40  Drone  
  48  3:43  Drone x2  
  48  3:47  Overlord  
  50  3:49  Drone  
  50  3:50  Drone  
  50  3:53  Extractor  
  51  3:56  Drone x2  
  51  3:57  Drone  
  54  4:03  Overlord  
  54  4:05  Drone  
  54  4:07  Drone  
  54  4:09  Drone x3  
  59  4:13  Drone x2  
  59  4:16  Lair  
  61  4:17  Drone  
  61  4:24  Evolution Chamber  
  61  4:25  Drone x2  
  61  4:29  Drone  
  61  4:30  Extractor  
  63  4:31  Drone x3  
  63  4:34  Drone x2  
  68  4:40  Extractor  
  68  4:41  Drone x3  
  68  4:42  Drone  
  68  4:44  Overlord  
  68  4:45  Drone x2  
  73  4:46  Overlord  
  73  4:51  Drone  
  74  4:53  Extractor  
  74  4:54  Extractor  
  74  4:55  Drone  
  74  4:56  Pneumatized Carapace, Zerg Missile Weapons Level 1  
  73  5:04  Drone x5  
  78  5:12  Overlord  
  78  5:13  Drone  
  79  5:14  Hatchery  
  79  5:19  Roach x6  
  90  5:25  Overseer  
  90  5:26  Overlord  
  90  5:31  Roach x4  
  90  5:35  Evolution Chamber  
  97  5:40  Overlord  
  97  5:42  Overlord, Glial Reconstitution  
  97  5:51  Overlord  
  97  5:53  Queen  
  97  5:56  Roach x3, Overlord x2  
  105  6:03  Roach  
  105  6:04  Roach x4  
  115  6:10  Roach x3  
  121  6:13  Ravager x3, Overlord  
  121  6:14  Ravager  
  121  6:16  Roach x2  
  129  6:18  Baneling x3  
  129  6:23  Drone x4  
  132  6:28  Roach  
  132  6:29  Roach x2, Overlord  
  138  6:35  Roach x3  
  144  6:41  Roach x4  
  144  6:44  Roach x2  
  144  6:46  Overlord  
  156  6:48  Overlord  
  156  6:50  Roach  
  156  6:51  Ravager x2  
  160  6:54  Overlord  
  160  6:55  Roach  
  160  6:58  Roach x2  
  166  7:03  Ravager  
  166  7:08  Roach x2  
  171  7:11  Roach x2  
  171  7:15  Roach x3  
  181  7:18  Roach x2  
  181  7:22  Roach x3  
Show
View Real Time Build Order
Export as new Build Order

A.I. 1 (Very Easy) Zerg - Winner!

Build Orders: Pool Only 

Get SALT Encoding   

  12  0:01  Drone  
  13  0:12  Overlord  
  13  0:17  Drone  
  14  0:34  Spawning Pool  
  13  0:37  Drone  
  13  0:41  Extractor  
  13  0:44  Drone  
  14  0:52  Overlord  
  14  1:21  Zergling x2  
  14  1:24  Queen  
  17  1:31  Roach Warren  
  16  1:34  Drone  
  17  1:40  Extractor, Zergling x2  
  17  1:43  Drone  
  18  1:56  Drone  
  18  2:00  Zergling x2  
  20  2:06  Drone  
  21  2:17  Drone  
  22  2:28  Drone  
  23  2:30  Overlord  
  23  2:35  Drone  
  24  2:42  Drone  
  25  5:12  Zergling x2  
  25  5:56  Drone, Roach  
  28  5:57  Lair  
  28  6:03  Drone  
  29  6:10  Drone  
  30  6:11  Overlord  
  30  6:17  Drone  
  31  6:24  Drone  
  32  6:39  Ravager, Roach  
  32  6:57  Overseer x2  
  32  7:14  Roach  
  34  7:17  Overlord  
  28  7:25  Overseer  
Tags
 
Matchup
ZvZ
Player
Lambo
Race
Zerg
Spawn Locations
Cross Positions
Add a new tag
Caveats
  • Supply blocks, unpowered buildings, or Contaminate may cause inaccurate times.
  • Supply counts are checked every 10 seconds.